 Dungeon Crawl Stone Soup version 0.21.0-26-g889b8f6 (webtiles) character file.

38215 Miyamura the Spear-Bearer (level 13, -13/104 HPs)
             Began as a Mummy Wanderer on Jan 27, 2018.
             Was an Initiate of Gozag.
             Killed from afar by a fire dragon (51 damage)
             ... with a blast of flame
             ... on level 1 of the Lair of Beasts.
             The game lasted 01:07:34 (26812 turns).

Miyamura the Spear-Bearer (Mummy Wanderer)         Turns: 26812, Time: 01:07:35

Health: -13/104    AC: 17    Str: 17    XL:     13   Next: 62%
Magic:  21/21      EV: 14    Int: 16    God:    Gozag
Gold:   638        SH:  3    Dex: 13    Spells: 18/23 levels left

rFire    . . .     SeeInvis .   y - +8 glaive of Arrival {distort, +Inv rPois rC+}
rCold    + + .     Gourm    .   (shield currently unavailable)
rNeg     + + +     Faith    .   e - +0 scale mail
rPois    ∞         Spirit   .   k - +2 helmet {Int+3}
rElec    .         Reflect  +   m - +1 cloak
rCorr    .         Harm     .   (no gloves)
MR       +....                  K - +1 pair of boots {Fly}
Stlth    +.........             u - +3 amulet of reflection
HPRegen  0.27/turn              i - +3 ring of protection
MPRegen  0.17/turn              l - ring of protection from fire

@: no status effects
A: no food or potions, fire vulnerability, cold resistance 1, negative energy
resistance 3, torment resistance, unbreathing, in touch with death 1
a: Potion Petition, Call Merchant, Bribe Branch, Renounce Religion, Evoke
Invisibility, Evoke Flight


You were on level 1 of the Lair of Beasts.
You worshipped Gozag.
Gozag was pleased with you.
You were not hungry.

You visited 4 branches of the dungeon, and saw 17 of its levels.

You collected 3654 gold pieces.
You spent 2410 gold pieces at shops.
You paid 606 gold pieces to Gozag.

Inventory:

Hand Weapons
 p - a +1 blowgun
 q - the +3 glaive of Nifilaot {elec, Stlth+}
   (You bought it in a shop on level 4 of the Dungeon)

   Occasionally, upon striking a foe, it will discharge some electrical energy
   and cause terrible harm.
   It makes you more stealthy.
 y - the +8 glaive of Arrival (weapon) {distort, +Inv rPois rC+}
   (You bought it in a shop on level 4 of the Dungeon)

   It warps and distorts space around it.
   Unwielding it can cause banishment or high damage.
   It protects you from cold.
   It protects you from poison.
   It lets you turn invisible.
Missiles
 a - 3 needles of sleeping
 f - 403 arrows
 h - 469 stones (quivered)
 j - 144 bolts
 o - 84 poisoned needles
 x - 2 needles of confusion
 G - 4 javelins of penetration
 I - 8 needles of frenzy
Armour
 e - a +0 scale mail (worn)
 k - a +2 helmet of intelligence (worn)
 m - a +1 cloak (worn)
 A - the -2 hat of the Alchemist {rElec rPois rF+ rC+ rN+ MR+ rMut rCorr}
   (You bought it in a shop on level 8 of the Dungeon)

   It protects you from fire.
   It protects you from cold.
   It insulates you from electricity.
   It protects you from poison.
   It protects you from negative energy.
   It affects your resistance to hostile enchantments.
   It protects you from acid and corrosion.
   It protects you from mutation.
 K - a +1 pair of boots of flying (worn)
Jewellery
 i - a +3 ring of protection (left hand)
 l - a ring of protection from fire (right hand)
 u - a +3 amulet of reflection (around neck)
 M - an uncursed ring of protection from magic
Wands
 c - a wand of iceblast (21)
 v - a wand of random effects (4)
 w - a wand of digging (31)
 D - a wand of enslavement (11)
 E - a wand of acid (3)
 F - a wand of polymorph (6)
 H - a wand of paralysis (4)
 J - a wand of clouds (3)
Scrolls
 b - 3 scrolls of blinking
 d - a scroll of teleportation
 g - 3 scrolls of immolation
 r - 3 scrolls of fog
 s - 6 scrolls of remove curse
 t - 2 scrolls of amnesia
 C - a scroll of identify
Books
 n - a book of Misfortune

   Spells                             Type                      Level
   a - Confusing Touch                Hexes                        1
   b - Confuse                        Hexes                        3
   c - Gell's Gravitas                Translocation                3
   d - Petrify                        Transmutation/Earth          4
   e - Metabolic Englaciation         Hexes/Ice                    5
   f - Yara's Violent Unravelling     Hexes/Transmutation          5
 z - a book of Changes

   Spells                             Type                      Level
   a - Beastly Appendage              Transmutation                1
   b - Sticks to Snakes               Transmutation                2
   c - Spider Form                    Transmutation/Poison         3
   d - Ice Form                       Ice/Transmutation            4
   e - Blade Hands                    Transmutation                5
Miscellaneous
 B - a lamp of fire


   Skills:
 + Level 10.4 Fighting
   Level 1.0(9.6) Axes
   Level 1.4(1.6) Maces & Flails
 * Level 14.2 Polearms
 - Level 4.6 Armour
 + Level 9.1 Dodging
 - Level 4.3 Stealth
   Level 1.0 Shields
 - Level 1.5 Unarmed Combat
 - Level 5.9 Spellcasting
 - Level 4.4 Hexes
 - Level 3.9 Evocations


You had 18 spell levels left.
You knew the following spells:

 Your Spells              Type           Power        Failure   Level  Hunger
c - Confuse               Hex            ###.....     22%         3    N/A
t - Sticks to Snakes      Tmut           #.......     56%         2    N/A

Dungeon Overview and Level Annotations

Branches:
Dungeon (14/15)            Temple (1/1) D:7            Lair (1/6) D:10
    Orc (1/2) D:9          Vaults (0/5) D:14

Altars:
Ashenzari
Cheibriados
Dithmenos
Elyvilon
Fedhas
Gozag
Hepliaklqana
Kikubaaqudgha
Makhleb
Nemelex Xobeh
Okawaru
Qazlal
Ru
Sif Muna
Trog
Uskayaw
Vehumet
Wu Jian
Xom
Yredelemnul
Zin
The Shining One

Shops:
D:4 (   D:6 !   D:8 [*(}=   D:9 (   D:11 *   D:14 [

Annotations:
D:3 Ashar's ghost, amateur DsGl
D:5 exclusion: downstairs
D:6 exclusion: 2 downstairs, Eustachio
D:9 exclusion: 2 downstairs
D:11 exclusion: downstairs
D:13 exclusion: downstairs
Abyss:1 Maurice


Innate Abilities, Weirdness & Mutations

You do not eat or drink.
Your flesh is vulnerable to fire.
You are immune to poison.
Your flesh is cold resistant. (rC+)
You are immune to negative energy. (rN+++)
You are immune to unholy pain and torment.
You can survive without breathing.
You are in touch with the powers of death.


Message History

The fire dragon is heavily wounded.
You hear an angry hiss.
The fire dragon bites you! The fire dragon misses you.
The fire dragon tramples you but does no damage.
Evoke which item? (* to show all) (? for menu, Esc to quit)
Aiming: Iceblast
Press: ? - help, Shift-Dir - straight line The mass of ice explodes!
The fire dragon barely misses you. The fire dragon closely misses you. x2
Evoke which item? (* to show all) (? for menu, Esc to quit)
Aiming: Iceblast
Press: ? - help, Shift-Dir - straight line The mass of ice explodes!
The iceblast engulfs the fire dragon.
The fire dragon is frozen!
The fire dragon is almost dead.
You hear an angry hiss.
The fire dragon breathes flames at you. The blast of flame hits you!
You die...
Your body crumbles into a pile of gold.

..######.#......# #
..## ##.##......###.##
...###.###............
h.....................
.h.............#######
...............##
..$.............##
.................#
................@#
................DP#
....................
....>.................
.................#..###
.................#?##
........#.# ........#.#


You could see a fire dragon.

Vanquished Creatures
  Louise (D:14)
  A minotaur (D:12)
  Erolcha (D:12)
  3 vault guards (D:13)
  Harold (D:10)
  3 centaur warriors
  5 skeletal warriors
  An unseen horror (D:12)
  2 wizards
  2 necromancers (D:14)
  A mana viper (D:13)
  2 deep elf magi (D:13)
  A manticore (D:11)
  Joseph (D:8)
  A black mamba (Lair:1)
  An eye of devastation (D:13)
  A gargoyle (D:12)
  3 spiny frogs (Lair:1)
  5 kobold demonologists
  A yaktaur (D:14)
  5 trolls
  A hornet (D:12)
  2 hippogriffs
  A vampire (D:13)
  A shadow (D:11)
  3 wyverns
  2 wraiths
  20 yaks
  13 humans
  Grum (D:8)
  A hungry ghost (D:9)
  A soldier ant (D:8)
  A water moccasin (D:14)
  A porcupine (Lair:1)
  2 sky beasts
  2 black bears
  2 ice beasts
  A hornet zombie (D:14)
  14 orc warriors
  An eye of draining (D:12)
  2 phantoms (D:10)
  A necrophage (D:7)
  6 wolves
  7 ogres
  9 centaurs
  3 crocodiles
  2 big kobolds
  A wyvern zombie (D:6)
  A gnoll sergeant (D:6)
  7 bullfrogs
  A water moccasin zombie (D:6)
  3 scorpions
  2 wyvern skeletons
  11 killer bees
  7 howler monkeys
  6 crimson imps
  2 bullfrog zombies
  A quasit (D:10)
  6 centaur skeletons
  9 orc priests
  4 bullfrog skeletons
  A gnoll shaman (D:7)
  12 hounds
  2 iguanas
  5 orc wizards
  2 hell rats (D:10)
  9 worker ants
  4 hound zombies (D:6)
  A hound skeleton (D:6)
  4 worker ant zombies
  9 gnolls
  13 adders
  2 river rats
  A shadow imp (D:9)
  An adder skeleton (D:6)
  3 worms
  A dart slug (D:1)
  5 leopard geckos
  55 orcs
  4 bats
  4 giant cockroaches
  A hobgoblin (D:1)
  6 quokkas
  A ball python (D:1)
  4 frilled lizards
  A giant cockroach zombie (D:6)
  4 goblins
  17 kobolds
  2 leopard gecko skeletons (D:6)
  2 leopard gecko zombies (D:6)
  3 quokka skeletons
  A quokka zombie (D:8)
  12 rats
395 creatures vanquished.

Vanquished Creatures (others)
  A queen ant (D:13)
  An unseen horror (D:10)
  A cyclops (D:13)
  A centaur zombie (D:12)
  A kobold demonologist (D:11)
  A yak (D:12)
  A wraith (D:13)
  A wyvern (D:13)
  3 humans
  An acid dragon (D:14)
  A soldier ant (D:8)
  A floating eye (D:12)
  2 orc warriors
  A sky beast (D:11)
  A hornet zombie (D:14)
  An ogre (D:9)
  A wolf (Lair:1)
  A quasit (D:9)
  2 fungi (Lair:1)
  7 plants (Lair:1)
30 creatures vanquished.

Grand Total: 425 creatures vanquished

Notes
Turn   | Place    | Note
-------+----------+-------------------------------------------
     0 | D:1      | Miyamura the Mummy Wanderer began the quest for the Orb.
     0 | D:1      | Miyamura set off with: a scroll of fear, a scroll of blinking, a +0 ring mail, a scroll of teleportation, a +0 club
     0 | D:1      | Reached XP level 1. HP: 15/15 MP: 1/1
   238 | D:1      | Reached XP level 2. HP: 18/21 MP: 2/2
   835 | D:1      | Reached XP level 3. HP: 26/26 MP: 3/3
  1294 | D:2      | Found an ornate altar of the Wu Jian Council.
  1353 | D:2      | Reached skill level 1 in Stealth
  1816 | D:2      | Found a blossoming altar of Fedhas.
  1821 | D:2      | Found a sacrificial altar of Ru.
  1821 | D:2      | Found a bloodstained altar of Trog.
  1821 | D:2      | Found a hazy altar of Hepliaklqana.
  1821 | D:2      | Found an iron altar of Okawaru.
  1822 | D:2      | Found a hide-covered altar of Uskayaw.
  1823 | D:2      | Found a burning altar of Makhleb.
  1825 | D:2      | Found an ancient bone altar of Kikubaaqudgha.
  2178 | D:3      | Noticed Ashar's ghost (amateur DsGl)
  2560 | D:3      | Reached XP level 4. HP: 33/33 MP: 4/4
  3440 | D:4      | Reached skill level 1 in Maces & Flails
  3561 | D:4      | Reached XP level 5. HP: 14/39 MP: 5/5
  3804 | D:4      | Found Muyvaps's Antique Weapon Emporium.
  4254 | D:4      | Found a deep blue altar of Sif Muna.
  4255 | D:4      | Bought a steaming glaive for 253 gold pieces
  4255 | D:4      | Identified the cursed +3 glaive of Nifilaot {elec, Stlth+} (You bought it in a shop on level 4 of the Dungeon)
  4462 | D:5      | Entered Level 5 of the Dungeon
  4539 | D:5      | Reached XP level 6. HP: 43/46 MP: 6/6
  4764 | D:5      | Reached skill level 1 in Polearms
  5582 | D:5      | Reached XP level 7. HP: 52/52 MP: 7/7
  5616 | D:5      | Got a twisted dagger
  5617 | D:5      | Identified the cursed +0 dagger of the Shining Light {pierce, rElec rPois Dex+2 Stlth-} (You found it on level 5 of the Dungeon)
  5766 | D:6      | Reached skill level 2 in Polearms
  6041 | D:6      | Noticed Eustachio
  6471 | D:6      | Reached XP level 8. HP: 60/60 MP: 8/8
  7041 | D:6      | Found a stormy altar of Qazlal.
  7098 | D:5      | Reached skill level 3 in Polearms
  7511 | D:6      | Found Niaczatu's Distillery.
  7518 | D:6      | Found a basalt altar of Yredelemnul.
  7618 | D:6      | Reached skill level 5 in Fighting
  7761 | D:6      | Identified a scroll of acquirement
  7948 | D:6      | Reached skill level 4 in Polearms
  8160 | D:7      | Found a staircase to the Ecumenical Temple.
  8187 | Temple   | Entered the Ecumenical Temple
  8443 | Temple   | Became a worshipper of Gozag Ym Sagoz the Greedy
  8538 | D:7      | Reached skill level 5 in Polearms
  8538 | D:7      | Reached XP level 9. HP: 49/68 MP: 9/9
  9145 | D:7      | Reached skill level 6 in Polearms
  9281 | D:7      | Learned a level 3 spell: Confuse
  9307 | D:7      | Reached skill level 7 in Polearms
  9512 | D:7      | Found a shimmering altar of Xom.
  9911 | D:7      | Reached skill level 8 in Polearms
 10123 | D:4      | Bought a bone glaive for 253 gold pieces
 10123 | D:4      | Identified the +8 glaive of Arrival {distort, +Inv rPois rC+} (You bought it in a shop on level 4 of the Dungeon)
 10332 | D:8      | Found Xeokk's Assorted Antiques.
 10332 | D:8      | Found Ducs's Armour Shoppe.
 10332 | D:8      | Noticed Maurice
 10334 | D:8      | Banished Maurice
 10334 | D:8      | Reached skill level 9 in Polearms
 10354 | D:8      | Noticed Joseph
 10357 | D:8      | Found Weip's Weapon Shoppe.
 10774 | D:8      | Reached skill level 10 in Polearms
 10823 | D:8      | Found Mob Enaynt's Gadget Shoppe.
 10862 | D:8      | Found Dyirubeng's Jewellery Shoppe.
 11073 | D:8      | Killed Joseph
 11166 | D:8      | Bought a +0 scale mail for 48 gold pieces
 11338 | D:8      | Noticed Grum
 11344 | D:8      | Reached skill level 11 in Polearms
 11358 | D:8      | Killed Grum
 11358 | D:8      | Reached XP level 10. HP: 49/74 MP: 10/10
 11781 | D:8      | Found a white marble altar of Elyvilon.
 12287 | D:9      | Reached skill level 1 in Spellcasting
 12310 | D:9      | Found a staircase to the Orcish Mines.
 12335 | D:9      | Reached skill level 1 in Hexes
 12358 | D:9      | Found Pelaba's Weapon Shoppe.
 12444 | D:9      | Noticed a two-headed ogre
 12730 | D:9      | Found a blossoming altar of Fedhas.
 13087 | D:9      | Found a sparkling altar of Nemelex Xobeh.
 13124 | D:9      | Learned a level 2 spell: Sticks to Snakes
 13218 | D:8      | Bought the -2 hat of the Alchemist {rElec rPois rF+ rC+ rN+ MR+ rMut rCorr} for 566 gold pieces
 13218 | D:8      | Found the -2 hat of the Alchemist {rElec rPois rF+ rC+ rN+ MR+ rMut rCorr}
 13224 | D:8      | Upgraded the game from 0.21.0-25-ge575cb9 to 0.21.0-26-g889b8f6
 13368 | D:9      | Found a glowing golden altar of the Shining One.
 13488 | D:10     | Entered Level 10 of the Dungeon
 13488 | D:10     | Noticed Harold
 13619 | D:10     | Reached skill level 5 in Dodging
 13623 | D:10     | Noticed a death yak
 13624 | D:10     | Noticed a death yak
 13764 | D:10     | Killed Harold
 13874 | D:10     | Noticed a death yak
 13937 | D:10     | Found a staircase to the Lair.
 13946 | D:10     | Banished an unseen horror
 14395 | D:10     | Reached XP level 11. HP: 81/81 MP: 15/17
 14737 | Orc:1    | Entered Level 1 of the Orcish Mines
 14983 | Orc:1    | Found a burning altar of Makhleb.
 15077 | Orc:1    | Noticed an orc warlord
 15778 | D:11     | Reached skill level 5 in Spellcasting
 17256 | D:11     | Bought a brass wand for 108 gold pieces
 17349 | D:8      | Bought a wand of acid (7) for 242 gold pieces
 17349 | D:8      | Bought a wand of polymorph (18) for 220 gold pieces
 17475 | D:12     | Noticed Urug
 17875 | D:12     | Killed an unseen horror
 17921 | D:12     | Found a white marble altar of Elyvilon.
 17934 | D:12     | Noticed a centaur warrior
 17938 | D:12     | Killed a centaur warrior
 18191 | D:12     | Reached skill level 12 in Polearms
 18239 | D:12     | Noticed a five-headed hydra
 18564 | D:12     | Noticed Urug
 18564 | D:12     | Urug changed into Urug the floating eye
 18567 | D:12     | Paralysed by Urug for 2 turns
 18570 | D:12     | Banished Urug the floating eye
 18668 | D:12     | Noticed a minotaur
 18668 | D:12     | a five-headed hydra changed into a minotaur
 18672 | D:12     | Killed a minotaur
 18672 | D:12     | Reached XP level 12. HP: 92/92 MP: 20/20
 18814 | D:12     | Noticed Erolcha
 18818 | D:12     | Killed Erolcha
 19492 | D:13     | Noticed a centaur warrior
 19500 | D:13     | Killed a centaur warrior
 20145 | D:13     | Noticed a tengu warrior
 20197 | D:13     | Noticed a queen ant
 20197 | D:13     | a tengu warrior changed into a queen ant
 20555 | D:13     | Banished a queen ant
 20909 | D:13     | Reached skill level 13 in Polearms
 21106 | D:14     | Noticed a two-headed ogre
 21776 | D:14     | Noticed a two-headed ogre
 21780 | D:13     | a two-headed ogre changed into an eye of devastation
 21993 | D:14     | a two-headed ogre changed into a mana viper
 22275 | D:14     | Found Daucsacs's Antique Armour Emporium.
 22283 | D:14     | Bought a glowing helmet for 240 gold pieces
 22283 | D:14     | Bought a pair of embroidered boots for 240 gold pieces
 22307 | D:14     | Bought a runed helmet for 240 gold pieces
 22417 | D:14     | Noticed Louise
 23212 | D:14     | Noticed a centaur warrior
 23218 | D:14     | Killed a centaur warrior
 23218 | D:14     | Gained mutation: You are in touch with the powers of death. [Mummy growth]
 23218 | D:14     | Reached XP level 13. HP: 70/101 MP: 21/21
 24279 | D:13     | HP: 5/102 [vault guard/long sword of holy wrath (7)]
 25316 | D:14     | Found a gate to the Vaults.
 25352 | D:14     | Killed Louise
 25352 | D:14     | Reached skill level 10 in Fighting
 25665 | D:14     | Reached skill level 14 in Polearms
 26164 | Lair:1   | Entered Level 1 of the Lair of Beasts
 26803 | Lair:1   | Noticed a fire dragon
 26803 | Lair:1   | a four-headed hydra changed into a fire dragon
 26812 | Lair:1   | Killed from afar by a fire dragon

Skill      XL: |  1  2  3  4  5  6  7  8  9 10 11 12 13 |
---------------+----------------------------------------+-----
Dodging        | 2 3 4 5 6 8 9 |  9.1
Armour         | 2 3 4 |  4.6
Stealth        | 1 2 3 4 |  4.3
Fighting       | 2 3 4 5 6 7 9 10 | 10.4
Maces & Flails | 1 |  1.4
Polearms       | 1 2 5 11 12 13 14 | 14.2
Spellcasting   | 4 5 |  5.9
Hexes          | 3 4 |  4.4
Evocations     | 2 3 |  3.9
Axes           | |  1.0
Shields        | |  1.0
Unarmed Combat | |  1.5

Action                   |  1- 3 |  4- 6 |  7- 9 | 10-12 | 13-15 || total
-------------------------+-------+-------+-------+-------+-------++-------
Melee: Club              |    64 |       |       |       |       ||    64
       Punch             |     2 |       |       |       |       ||     2
       Mace              |    84 |    58 |       |       |       ||   142
       Glaive            |       |    65 |   313 |   646 |   208 ||  1232
 Fire: Blowgun           |       |     6 |    32 |       |       ||    38
 Cast: Confuse           |       |       |       |       |     1 ||     1
Invok: Call Merchant     |       |       |       |     1 |       ||     1
 Abil: Stop Flying       |       |       |       |     1 |       ||     1
Evoke: Wand              |       |       |       |    12 |    22 ||    34
  Use: Scroll            |       |     8 |    10 |     4 |     5 ||    27
 Stab: Sleeping          |       |     1 |     6 |     1 |       ||     8
       Distracted        |       |     1 |     1 |     3 |     2 ||     7
       Confused          |       |       |       |       |     1 ||     1
Armor: Ring mail         |    65 |    48 |   102 |       |       ||   215
       Scale mail        |       |       |     9 |   217 |    65 ||   291
Dodge: Dodged            |   100 |    95 |   190 |   276 |    87 ||   748
Block: Other             |       |       |    27 |    64 |    11 ||   102
       Reflection        |       |       |     2 |     2 |       ||     4
